 Dungeon Crawl Stone Soup version 0.27.1-33-g824d729ab1 (webtiles) character file.

Game seed: 18030679507989047261

1617 Destapler the Skirmisher (level 8, -1/70 HPs)
             Began as a Minotaur Monk on Dec 9, 2021.
             Was an Elder of Lugonu.
             Slain by Pikel (8 damage)
             ... on level 7 of the Dungeon.
             The game lasted 00:19:00 (7173 turns).

Destapler the Skirmisher (Minotaur Monk)            Turns: 7173, Time: 00:19:01

Health: -1/70      AC:  7    Str: 16    XL:     8   Next: 64%
Magic:  10/10      EV: 12    Int:  7    God:    Lugonu [****..]
Gold:   444        SH:  5    Dex: 15    Spells: 7/7 levels left

rFire    . . .     SeeInvis +   a - +0 falchion
rCold    . . .     Faith    .   e - +0 buckler
rNeg     . . .     Spirit   .   u - +0 ring mail
rPois    .         Reflect  .   (helmet restricted)
rElec    .         Harm     .   m - scarf {shadows}
rCorr    .         Rampage  .   n - +0 pair of gloves
Will     .....                  (no boots)
Stlth    ++........             f - amulet of the acrobat
HPRegen  0.21/turn              r - ring of see invisible
MPRegen  0.12/turn              (no ring)

@: hasted, very quick
A: horns 2, retaliatory headbutt
a: Renounce Religion, Depart the Abyss, Bend Space, Banish, Corrupt


You were on level 7 of the Dungeon.
You worshipped Lugonu.
Lugonu was greatly pleased with you.
You visited 1 branch of the dungeon, and saw 7 of its levels.

You collected 444 gold pieces.

Inventory:

Hand Weapons
 a - a +0 falchion (weapon)
 x - the +5 war axe "Veddoori" {distort, *Corrode Str+3 Int+5}
   (You took it off a gnoll on level 4 of the Dungeon)

   It warps and distorts space around it, and may blink, banish, or inflict
   extra damage upon those it strikes.
   Unwielding it can cause banishment or high damage.
   Str:       It affects your strength (+3).
   Int:       It affects your intelligence (+5).
   *Corrode:  It may corrode you when you take damage.
Missiles
 j - 3 boomerangs (quivered)
 o - 5 poisoned darts
 s - 5 javelins
Armour
 e - a +0 buckler (worn)
 m - a scarf of shadows (worn)
 n - a +0 pair of gloves (worn)
 u - a +0 ring mail (worn)
Jewellery
 f - an amulet of the acrobat (around neck)
 r - a ring of see invisible (left hand)
Wands
 b - a wand of iceblast (11)
 y - a wand of acid (10)
Scrolls
 c - 7 scrolls of identify {unknown}
 d - a scroll of summoning {unknown}
 g - a scroll of brand weapon {unknown}
 h - a scroll of amnesia {unknown}
 i - 2 scrolls of immolation {unknown}
 k - a scroll of acquirement {unknown}
 l - a scroll of blinking {unknown}
 p - a scroll of vulnerability {unknown}
 q - a scroll of magic mapping {unknown}
 v - 2 scrolls of enchant armour {unknown}
 w - 2 scrolls of holy word {unknown}
 C - 2 scrolls of teleportation {unknown}
Potions
 t - a potion of resistance
 A - 2 potions of curing
 B - a potion of degeneration {unknown}
 D - a potion of heal wounds {unknown}


   Skills:
 + Level 5.9 Fighting
 - Level 3.6 Long Blades
 - Level 4.0 Throwing
 + Level 4.7 Armour
 + Level 4.6 Dodging
 + Level 3.6 Stealth
 + Level 4.7 Shields
 + Level 4.7 Invocations
 + Level 1.6 Evocations


You had 7 spell levels left.
You didn't know any spells.
Your spell library contained the following spells:

 Spells                   Type           Power      Damage    Failure   Level
 Foxfire                  Conj/Fire      0%         2x1d4     63%         1
 Corpse Rot               Necr/Air       N/A        N/A       77%         2
 Ensorcelled Hibernation  Hex/Ice        0%         N/A       77%         2
 Poisonous Vapours        Pois/Air       0%         N/A       77%         2
 Conjure Flame            Conj/Fire      0%         6-21      94%         3
 Inner Flame              Hex/Fire       0%         N/A       94%         3
 Spider Form              Tmut/Pois      0%         N/A       94%         3
 Summon Guardian Golem    Hex/Summ       0%         N/A       94%         3
 Freezing Cloud           Conj/Ice/Air   0%         6-21      100%        5
 Shadow Creatures         Summ           N/A        N/A       100%        6
 Orb of Destruction       Conj           0%         N/A       100%        7
 Spellforged Servitor     Conj/Summ      0%         N/A       100%        7


Dungeon Overview and Level Annotations

Branches:
Dungeon (7/15)             Temple (0/1) D:5

Altars:
Ru
Lugonu

Annotations:
D:4 Grinder
D:7 Pikel


Innate Abilities, Weirdness & Mutations

You have a pair of horns on your head.
You reflexively headbutt those who attack you in melee.


Message History

Pikel is heavily wounded.
Pikel hits you with a +1 whip of flaming!
Pikel burns you. You block Pikel's attack.
You hit Pikel but do no damage. Your headbutt misses Pikel.
Pikel is heavily wounded.
The lemure misses you.
Pikel hits you with a +1 whip of flaming.
Pikel burns you. You block the lemure's attack.
You hit Pikel but do no damage. Your headbutt misses Pikel.
Pikel is heavily wounded.
Pikel hits you with a +1 whip of flaming.
Pikel burns you. You block the lemure's attack.
You hit Pikel. You headbutt Pikel.
Pikel is severely wounded.
You block Pikel's attack. The lemure hits you but does no damage.
You hit Pikel but do no damage.
Pikel is severely wounded.
Pikel hits you with a +1 whip of flaming.
* * * LOW HITPOINT WARNING * * *
Pikel burns you.
* * * LOW HITPOINT WARNING * * *
The lemure barely misses you. You furiously retaliate!
You headbutt the lemure! You miss Pikel.
Pikel is severely wounded.
Pikel barely misses you. You furiously retaliate!
You headbutt Pikel, but do no damage.
You riposte.
You hit Pikel but do no damage. Your headbutt misses Pikel.
Pikel is severely wounded.
The lemure hits you!
* * * LOW HITPOINT WARNING * * *
It was a potion of haste.
You feel yourself speed up.
Pikel hits you with a +1 whip of flaming!
* * * LOW HITPOINT WARNING * * *
Pikel burns you.
* * * LOW HITPOINT WARNING * * *
The lemure hits you but does no damage.
You closely miss Pikel.
Pikel is severely wounded.
Pikel hits you with a +1 whip of flaming!
You die...

#!#5#
#.#5#
#.#.#
#..#
#.###
#5.#.
#5#.#
#K#.#
#@#.#
#.5.#
###.# #.#
#####.#
##...#.#
##.###..#
#.#####.#
#.##..<.#


You could see Pikel and 3 lemures.

Vanquished Creatures
  A water moccasin (D:6)
  An ice beast (D:6)
  3 ogres
  A centaur (D:5)
  2 phantoms
  A lemure (D:7)
  2 water moccasin zombies (D:5)
  A water moccasin skeleton (D:4)
  A howler monkey (D:5)
  A crimson imp (D:6)
  A centaur zombie (D:5)
  A jelly (D:4)
  2 orc priests (D:3)
  4 hounds
  5 iguanas
  3 hound skeletons
  7 gnolls
  10 adders
  A white imp (D:6)
  An ufetubus (D:4)
  3 worms
  6 dart slugs
  16 orcs
  5 endoplasms
  3 giant cockroaches (D:1)
  10 goblins
  5 hobgoblins
  3 jackals (D:3)
  7 kobolds
  5 quokkas
  7 ball pythons
  2 bats (D:1)
  6 frilled lizards
  10 rats
137 creatures vanquished.

Notes
Turn   | Place    | Note
-------+----------+-------------------------------------------
     0 | D:1      | Destapler the Minotaur Monk began the quest for the Orb.
     0 | D:1      | Reached XP level 1. HP: 19/19 MP: 0/0
    49 | D:1      | Reached XP level 2. HP: 27/27 MP: 1/1
    73 | D:1      | Reached skill level 4 in Fighting
   464 | D:1      | Found a faded altar of an unknown god.
   472 | D:1      | Became a worshipper of Lugonu the Unformed
   472 | D:1      | Reached * piety under Lugonu
   472 | D:1      | Reached ** piety under Lugonu
   472 | D:1      | Reached *** piety under Lugonu
   526 | D:1      | Reached XP level 3. HP: 33/33 MP: 2/2
  1353 | D:2      | Reached **** piety under Lugonu
  1457 | D:2      | Reached skill level 1 in Invocations
  1604 | D:2      | Reached XP level 4. HP: 41/41 MP: 3/3
  2553 | D:3      | Reached skill level 1 in Shields
  2909 | D:3      | Reached skill level 1 in Throwing
  2909 | D:3      | Reached XP level 5. HP: 40/47 MP: 5/5
  3479 | D:4      | Reached skill level 5 in Fighting
  3538 | D:4      | Noticed Grinder
  3590 | D:4      | Noticed a phantom
  3600 | D:4      | Killed a phantom
  3601 | D:4      | Reached XP level 6. HP: 44/56 MP: 6/6
  4203 | D:4      | Reached skill level 1 in Armour
  4416 | D:4      | Identified the +5 war axe "Veddoori" {distort, *Corrode
                  | Str+3 Int+5}
  4495 | D:5      | Entered Level 5 of the Dungeon
  4512 | D:5      | Reached XP level 7. HP: 61/61 MP: 8/8
  4539 | D:5      | Found a staircase to the Ecumenical Temple.
  5140 | D:5      | Found a sacrificial altar of Ru.
  5323 | D:5      | Reached XP level 8. HP: 49/68 MP: 10/10
  6155 | D:5      | Reached skill level 1 in Evocations
  7150 | D:7      | Noticed Pikel
  7173 | D:7      | Slain by Pikel

Illustrated notes

Levels and vault maps discovered:
D:1:      erik_arrival_cave_to_civilisation [erik_arrival_cave_to_hall],
          layout_basic, ebering_ecumenical_altar_abandoned
D:2:      layout_basic
D:3:      layout_basic, serial_park_tiny_pond
D:4:      layout_basic, minmay_misc_feat_roman, kennysheep_generic_room_11,
          uniq_grinder
D:5:      layout_basic, nicolae_ru_sacrificial_ziggurat,
          minmay_temple_entry_mist, minmay_checkerbox
D:6:      layout_basic, minmay_fire_ice_demons
D:7:      layout_loops_ring, kennysheep_mini, vehumet_statue,
          mainiacjoe_overflow_cross_hatched, dk_rats_in_the_wall, uniq_pikel

Skill      XL: |  1  2  3  4  5  6  7  8 |
---------------+-------------------------+-----
Fighting       | 4 5 |  5.9
Stealth        | 2 3 |  3.6
Invocations    | 1 2 3 4 |  4.7
Dodging        | 4 |  4.6
Shields        | 1 2 3 4 |  4.7
Throwing       | 1 2 4 |  4.0
Armour         | 1 4 |  4.7
Evocations     | 1 |  1.6
Long Blades    | |  3.6

Action                   |  1- 3 |  4- 6 |  7- 9 || total
-------------------------+-------+-------+-------++-------
Melee: Falchion          |    77 |   143 |   171 ||   391
       Headbutt          |    17 |    39 |    56 ||   112
Throw: Boomerang         |       |    34 |     9 ||    43
Invok: Bend Space        |       |     1 |     2 ||     3
  Use: Potion            |       |     3 |     1 ||     4
 Stab: Sleeping          |     2 |     2 |       ||     4
Armor: Robe              |     4 |    14 |       ||    18
       Ring mail         |       |     5 |    33 ||    38
Dodge: Dodged            |    59 |    86 |   135 ||   280
Block: Buckler           |     6 |    35 |    54 ||    95
       Rpst.: Falchion   |     8 |    24 |    35 ||    67
